Map: Ultralove

Players

BabyMarine - Winner!

  • Race: Terran Terran
  • Spawn Location: 1:00

Jumy (ForJumy)

  • Race: Protoss Protoss
  • League: Grandmaster
  • Spawn Location: 7:00

Event: HomeStory Cup XXVII

VOD

Have the link to the VOD?

Description

Time

  • Played on: June 27, 2025, 10:37 a.m.
  • Length: 15:23

All games in this series

Show
View Real Time Build Order
Export as new Build Order

BabyMarine Terran - Winner!

Build Orders:  

Get SALT Encoding   

  12  0:00  SCV  
  13  0:12  SCV  
  14  0:17  Supply Depot  
  14  0:24  SCV  
  15  0:38  SCV  
  15  0:40  Barracks  
  16  0:43  Refinery  
  16  0:50  SCV  
  17  1:02  SCV  
  18  1:14  SCV  
  19  1:26  Marine  
  19  1:27  Orbital Command  
  20  1:42  Command Center  
  20  1:55  Factory, SCV  
  21  2:03  Supply Depot  
  21  2:04  Barracks Reactor  
  21  2:08  SCV  
  22  2:11  Refinery  
  22  2:20  SCV  
  23  2:29  Bunker  
  23  2:32  SCV  
  24  2:42  Starport  
  24  2:44  SCV  
  24  2:47  Hellion  
  24  2:48  Hellion  
  29  2:56  Orbital Command  
  29  2:59  SCV  
  30  3:08  Widow Mine  
  30  3:09  Widow Mine  
  34  3:16  SCV  
  34  3:19  Medivac  
  37  3:23  Supply Depot, SCV  
  38  3:30  Widow Mine  
  38  3:31  Widow Mine  
  42  3:34  Barracks Tech Lab  
  42  3:35  SCV  
  42  3:39  SCV  
  44  3:47  Supply Depot  
  44  3:48  SCV  
  45  3:50  Barracks  
  45  3:51  SCV  
  45  3:55  Starport Tech Lab  
  46  4:00  Marine x2, Siege Tank  
  46  4:01  SCV  
  52  4:04  SCV  
  53  4:12  Supply Depot  
  53  4:13  SCV  
  54  4:17  SCV  
  54  4:21  Marine x2  
  53  4:26  Banshee, SCV  
  57  4:31  SCV  
  57  4:33  Refinery, Engineering Bay  
  57  4:35  Siege Tank  
  57  4:38  SCV  
  60  4:40  Marine x3  
  60  4:44  Supply Depot  
  63  4:46  SCV  
  63  4:52  Barracks  
  64  4:53  SCV  
  64  4:58  Marine, SCV  
  68  5:05  SCV, Terran Infantry Weapons Level 1  
  69  5:11  Raven  
  69  5:14  SCV  
  71  5:16  Marine x2  
  71  5:17  SCV  
  72  5:25  Stimpack, Marine  
  72  5:28  SCV  
  72  5:33  Marine, SCV  
  72  5:34  Marine  
  73  5:36  Factory Reactor  
  73  5:40  SCV  
  73  5:41  Refinery  
  74  5:45  Marine  
  74  5:46  SCV  
  76  5:51  Marine  
  76  5:52  Command Center, SCV  
  76  5:55  Combat Shield  
  76  5:56  Starport Reactor  
  78  5:59  Supply Depot  
  78  6:00  Barracks x2  
  78  6:02  Marauder  
  78  6:09  Bunker  
  78  6:11  Marauder  
  80  6:12  Supply Depot, SCV  
  80  6:14  SCV, Widow Mine x2  
  86  6:21  Marine x2  
  88  6:26  Marauder  
  90  6:34  SCV  
  90  6:35  SCV  
  90  6:36  Widow Mine x2, Medivac x2  
  100  6:44  Marauder  
  102  7:00  Marine x5, SCV, Widow Mine  
  102  7:01  Widow Mine  
  110  7:02  SCV  
  110  7:05  Marine  
  102  7:12  SCV  
  102  7:15  Concussive Shells  
  100  7:17  Marine  
  100  7:18  Marauder, SCV  
  100  7:22  Marine x2  
  104  7:23  Marauder  
  104  7:27  SCV  
  105  7:30  Orbital Command  
  105  7:36  Medivac x2  
  110  7:38  Widow Mine x2  
  110  7:39  Marauder  
  110  7:40  Barracks Tech Lab, Barracks Reactor  
  110  7:42  Marine x2  
  117  7:45  Marauder  
  119  7:52  Terran Infantry Armor Level 1  
  119  7:53  Armory  
  116  7:59  Widow Mine x2  
  116  8:00  Marine  
  116  8:01  Marauder  
  116  8:03  Marauder, Marine  
  122  8:06  Marauder  
  124  8:13  SCV  
  124  8:15  Medivac  
  125  8:23  Supply Depot  
  125  8:27  Supply Depot x2  
  125  8:29  Supply Depot  
  125  8:34  Supply Depot  
  125  8:35  Supply Depot  
  125  8:36  Refinery, Ghost Academy  
  125  8:37  Refinery  
  125  8:44  Marine x3  
  125  8:45  Marauder x2  
  125  8:46  Supply Depot, Marine  
  133  8:49  Marauder, Widow Mine x2  
  139  9:02  Marine x3  
  136  9:03  Marine, SCV  
  136  9:06  Marauder x2  
  136  9:07  SCV  
  135  9:10  Marauder  
  135  9:14  Widow Mine x2  
  135  9:15  SCV  
  135  9:16  SCV  
  128  9:20  Marine x3  
  128  9:22  SCV  
  124  9:27  SCV  
  124  9:28  Marauder x2  
  118  9:32  Marauder  
  118  9:35  Marine, Widow Mine x2  
  114  9:38  SCV  
  114  9:39  SCV  
  114  9:42  Marine  
  115  9:47  SCV  
  115  9:51  SCV x2  
  124  9:57  Widow Mine  
  124  9:59  SCV  
  125  10:03  SCV x2  
  127  10:07  Widow Mine  
  127  10:11  SCV  
  133  10:15  SCV x2  
  133  10:17  Unknown x2, Marine x2  
  133  10:18  Marine x2  
  139  10:22  Viking  
  139  10:25  SCV  
  142  10:33  Supply Depot  
  142  10:34  Marine  
  142  10:35  Marine  
  144  10:40  Unknown, SCV x2  
  144  10:41  Supply Depot  
  146  10:43  SCV  
  146  10:48  Marine x3, Widow Mine x2  
  146  10:49  Marauder, Marine  
  157  10:53  Marauder  
  157  10:56  Viking x2  
  163  11:04  Terran Infantry Weapons Level 2  
  163  11:12  SCV  
  163  11:15  SCV  
  161  11:19  SCV  
  161  11:24  SCV  
  157  11:26  Viking x2  
  157  11:28  Marine x4  
  157  11:29  Marauder x2  
  157  11:30  SCV  
  165  11:36  SCV  
  166  11:45  Barracks  
  166  11:46  Barracks, Marine, SCV x2  
  169  11:48  Barracks, SCV  
  170  11:56  Viking  
  170  11:57  Unknown  
  170  11:59  Marine x2  
  174  12:02  Command Center  
  178  12:09  SCV  
  178  12:14  Marine  
  181  12:34  Supply Depot x2, Barracks Tech Lab x2  
  181  12:35  Missile Turret  
  181  12:36  Unknown x2  
  181  12:42  Unknown  
  181  12:43  Marine, SCV  
  180  12:46  Barracks Tech Lab  
  180  12:55  Medivac  
  180  12:57  SCV  
  180  12:58  SCV  
  193  13:00  Medivac  
  197  13:24  Unknown x3  
  200  13:32  Command Center  
  199  13:44  Marine  
  199  13:45  Unknown x2  
  198  13:50  Marine x2  
  198  13:51  Marauder x2, Unknown  
  190  14:00  Marauder, Marine x2  
  190  14:01  Marauder x2  
  190  14:02  Marine  
  164  14:08  Marine x2, Planetary Fortress  
  165  14:10  Medivac x2  
  165  14:12  Marauder x2  
  165  14:15  Refinery x2  
  173  14:20  Widow Mine x2  
  173  14:21  SCV x2  
  177  14:32  Marauder x3  
  177  14:33  Starport, Marine  
  177  14:34  Marine  
  184  14:43  Marine  
  184  14:44  Marauder x3, Marine  
  192  14:48  SCV  
  192  14:52  Marine x2  
  189  14:53  Marine  
  189  14:54  Marauder  
  182  15:00  Marine  
  182  15:01  Marine x2  
  178  15:07  SCV  
Show
View Real Time Build Order
Export as new Build Order

Jumy Protoss 

Build Orders: 1 Gate Expand, Phoenix Opening 

Get SALT Encoding   

  12  0:00  Probe  
  13  0:12  Probe  
  14  0:17  Pylon  
  14  0:24  Probe  
  15  0:32  Probe  
  15  0:35  Gateway  
  15  0:40  Probe  
  16  0:46  Assimilator  
  17  0:50  Probe  
  18  1:02  Probe  
  19  1:20  Nexus  
  19  1:30  Cybernetics Core  
  18  1:33  Probe  
  18  1:39  Assimilator  
  19  1:45  Probe  
  20  1:50  Pylon  
  20  1:57  Adept  
  20  1:58  Probe  
  21  2:08  Warp Gate  
  23  2:10  Probe  
  24  2:22  Probe  
  25  2:27  Sentry  
  27  2:30  Probe  
  27  2:34  Probe  
  29  2:38  Probe  
  29  2:42  Gateway  
  30  2:45  Shield Battery  
  30  2:46  Probe  
  30  2:47  Probe  
  32  2:52  Stalker  
  34  2:58  Probe  
  34  3:01  Probe  
  36  3:08  Twilight Council  
  36  3:10  Probe  
  37  3:15  Probe  
  38  3:20  Gateway  
  38  3:23  Probe  
  39  3:28  Probe  
  40  3:35  Probe  
  40  3:36  Phoenix  
  40  3:37  Robotics Facility  
  40  3:40  Probe  
  40  3:41  Pylon  
  42  3:44  Charge  
  42  3:47  Probe  
  42  3:48  Pylon  
  43  3:52  Probe  
  44  3:57  Stalker  
  44  3:59  Probe  
  44  4:00  Stalker  
  49  4:08  Probe  
  50  4:13  Nexus  
  50  4:17  Probe  
  50  4:21  Stalker  
  38  4:24  Phoenix, Probe  
  39  4:31  Probe  
  39  4:33  Probe  
  41  4:39  Probe  
  41  4:41  Probe  
  42  4:47  Probe, Templar Archives  
  42  4:50  Probe  
  43  4:58  Probe  
  43  4:59  Gateway  
  45  5:01  Gateway  
  45  5:03  Observer, Probe  
  47  5:07  Probe  
  47  5:12  Probe  
  48  5:15  Gateway, Probe  
  48  5:20  Probe  
  50  5:23  Gateway  
  50  5:25  Probe  
  53  5:33  Zealot x2  
  53  5:34  Immortal  
  54  5:36  Zealot  
  59  5:53  Zealot x2  
  59  5:54  Zealot  
  59  5:56  Zealot  
  67  6:01  Zealot  
  69  6:07  Probe x2  
  69  6:08  Pylon  
  69  6:10  Zealot  
  69  6:11  Zealot  
  75  6:13  Probe  
  75  6:17  Stalker  
  76  6:19  Probe  
  76  6:20  Pylon  
  76  6:23  Probe  
  76  6:25  Probe  
  77  6:31  Probe  
  77  6:32  Probe  
  78  6:33  Probe  
  78  6:38  Warp Prism  
  80  6:40  Probe  
  80  6:43  Probe  
  80  6:44  Zealot x2  
  80  6:45  Probe  
  86  6:50  Probe  
  86  6:51  Zealot x2  
  92  6:55  Probe  
  92  7:00  Probe  
  92  7:03  Probe  
  92  7:07  Probe  
  90  7:10  Forge  
  90  7:14  Probe  
  90  7:15  Observer  
  87  7:16  Probe  
  87  7:17  Zealot x2  
  87  7:20  Pylon  
  87  7:21  Probe  
  88  7:23  Pylon  
  88  7:26  Assimilator  
  88  7:27  Assimilator  
  88  7:31  Probe  
  88  7:32  Probe  
  88  7:34  Probe  
  88  7:35  Templar Archives  
  91  7:38  Zealot  
  91  7:39  Pylon, Zealot x3  
  91  7:43  Probe  
  100  7:44  Probe  
  100  7:47  Probe  
  100  7:49  Zealot x3  
  108  7:52  Psionic Storm  
  108  7:59  Zealot x4  
  110  8:07  Probe  
  110  8:09  Probe  
  110  8:18  Assimilator  
  110  8:19  Assimilator  
  110  8:20  High Templar  
  110  8:22  Pylon  
  110  8:23  Probe, Warp Prism  
  110  8:24  Probe  
  110  8:26  Probe  
  111  8:29  High Templar  
  111  8:30  Shield Battery  
  115  8:37  Pylon, Probe  
  116  8:44  Probe  
  116  8:46  Probe  
  117  8:49  Probe  
  117  8:52  High Templar  
  120  8:58  Zealot x5  
  120  9:01  Pylon  
  130  9:08  Probe  
  126  9:15  Protoss Ground Armor Level 1  
  126  9:16  Pylon x2  
  121  9:19  Probe  
  121  9:23  Observer  
  112  9:29  Probe  
  100  9:32  Templar Archives  
  81  9:42  Immortal, Pylon  
  81  9:44  Blink  
  83  9:46  Zealot x2  
  83  9:47  Probe x2  
  89  9:52  Probe  
  89  9:55  Gateway  
  87  10:03  Probe  
  87  10:06  Probe  
  85  10:07  Pylon  
  85  10:13  High Templar x3  
  85  10:14  Probe  
  91  10:15  Probe  
  91  10:18  Probe  
  91  10:19  Observer  
  92  10:26  Probe, Zealot x2  
  92  10:27  Probe  
  98  10:30  Probe  
  99  10:38  Probe  
  99  10:41  Probe  
  95  10:44  High Templar  
  95  10:45  High Templar, Zealot x2  
  95  10:46  Probe  
  95  10:49  Archon  
  103  10:50  Probe  
  103  10:52  Immortal, High Templar  
  103  10:53  Probe  
  107  10:58  Probe  
  107  11:03  Probe  
  113  11:07  Zealot x2  
  117  11:12  Probe, Protoss Ground Armor Level 2  
  117  11:14  Probe  
  117  11:19  Probe  
  117  11:24  Probe  
  115  11:27  Probe  
  115  11:31  Probe  
  111  11:43  Zealot  
  111  11:45  Zealot x6  
  122  11:49  Robotics Bay, Probe  
  122  11:50  Immortal  
  122  11:54  Probe  
  128  11:57  Pylon  
  120  12:12  Stalker x4  
  120  12:13  Probe  
  123  12:21  Immortal  
  123  12:24  High Templar  
  123  12:25  High Templar x2  
  123  12:27  Probe  
  133  12:32  Archon  
  133  12:33  Probe  
  134  12:37  Zealot  
  134  12:39  Zealot x3  
  142  12:48  Nexus  
  142  12:50  Pylon  
  142  12:55  Robotics Facility  
  142  13:00  High Templar x2  
  142  13:02  Observer  
  142  13:03  Probe  
  144  13:11  Dark Shrine  
  144  13:12  Stalker x2  
  144  13:15  Observer  
  144  13:17  Pylon  
  140  13:21  Colossus  
  141  13:28  Zealot x2  
  141  13:29  Zealot  
  141  13:31  Probe  
  154  13:38  Archon  
  154  13:39  Disruptor  
  154  13:40  Stalker x2  
  154  13:41  Probe  
  154  13:43  Archon  
  158  13:52  High Templar  
  154  13:56  Archon  
  154  13:58  Zealot x4  
  154  14:01  Probe  
  137  14:05  Colossus  
  137  14:08  Zealot x2  
  137  14:13  Probe  
  140  14:25  Gateway, Dark Templar  
  140  14:29  Dark Templar  
  140  14:30  Probe  
  144  14:34  Assimilator  
  144  14:35  Assimilator  
  144  14:36  Zealot  
  142  14:41  Disruptor  
  142  14:44  Probe  
  147  14:47  Shield Battery  
  147  14:48  Zealot x3  
  147  14:49  High Templar  
  126  14:57  Zealot x2  
  114  15:02  Zealot  
  114  15:03  Probe  
  97  15:07  Probe x2  
  97  15:09  Zealot x3  
Tags
 
Add a new tag
Caveats
  • Supply blocks, unpowered buildings, or Contaminate may cause inaccurate times.
  • Supply counts are checked every 10 seconds.